General information
- name: BNet
- type: Ladder team game (AT/RT)
- host: Battle.net
- saver: OWNAGE.D
map: Slalom
- players: 8
- length: 39:58
- speed: Fast
- version: 1.24 W3XP
- replay type: Public
» download(213 KB)
Players
team 1 (winner)

»
Maseratu (
purple | 51 APM | 1882 actions | 37:11)
5 Death Knight
3 Death Coil
2 Unholy Aura
2 Lich
1 Frost Armor
1 Frost Nova
» actions
| Assign group hotkey | 17 | |
| Build / train | 51 | |
| Enter build submenu | 29 | |
| Enter hero's abilities submenu | 7 | |
| Remove unit from queue | 2 | |
| Right click | 750 | |
| Select / deselect | 303 | |
| Select group hotkey | 630 | |
| Use ability | 93 | |
1882 total
» units
| Acolyte | 10 | |
| Ghoul | 4 | |
| Crypt Fiend | 7 | |
| Obsidian Statue | 2 | |
| Frost Wyrm | 4 | |
27 total
» upgrades
| Creature Attack | 3 | |
| Burrow | 1 | |
| Web | 1 | |
| Creature Carapace | 2 | |
| Freezing Breath | 1 | |
8 total
» buildings
| Ziggurat | 13 | |
| Graveyard | 1 | |
| Crypt | 1 | |
| Altar of Darkness | 1 | |
| Tomb of Relics | 1 | |
| Halls of the Dead | 1 | |
| Black Citadel | 1 | |
| Slaughterhouse | 1 | |
| Sacrificial Pit | 1 | |
| Boneyard | 2 | |
| Spirit Tower | 2 | |
25 total
» build order
00:09 Ziggurat
00:13 Graveyard
00:21 Crypt
00:54 Altar of Darkness
02:00 Ziggurat
03:00 Tomb of Relics
03:29 Halls of the Dead
05:09 Ziggurat
06:21 Black Citadel
09:27 Ziggurat
09:34 Ziggurat
10:27 Slaughterhouse
10:35 Sacrificial Pit
10:43 Ziggurat
10:48 Ziggurat
12:04 Boneyard
12:14 Boneyard
13:43 Ziggurat
16:20 Ziggurat
16:28 Ziggurat
17:35 Ziggurat
18:45 Ziggurat
18:56 Ziggurat
19:02 Spirit Tower
19:54 Spirit Tower
22:11 Spirit Tower
» items
OWNAGE.D (
pink | 18 APM | 708 actions | 39:58)
» actions
| Assign group hotkey | 6 | |
| Basic commands | 61 | |
| Build / train | 69 | |
| Enter build submenu | 35 | |
| Right click | 96 | |
| Select / deselect | 177 | |
| Select group hotkey | 140 | |
| Use ability | 124 | |
708 total
» units
» upgrades
| Masonry | 2 | |
| Lumber Harvesting | 1 | |
| Magic Sentry | 1 | |
4 total
» buildings
| Farm | 3 | |
| Lumber Mill | 2 | |
| Scout Tower | 106 | |
| Guard Tower | 34 | |
| Arcane Vault | 1 | |
| Keep | 1 | |
| Arcane Sanctum | 1 | |
| Blacksmith | 1 | |
| Altar of Kings | 1 | |
| Workshop | 1 | |
| Arcane Tower | 1 | |
| Cannon Tower | 3 | |
155 total
» build order
00:08 Farm
00:53 Lumber Mill
00:57 Farm
01:01 Farm
02:54 Scout Tower
02:56 Scout Tower
02:58 Scout Tower
03:01 Scout Tower
03:05 Scout Tower
03:06 Scout Tower
03:08 Scout Tower
03:10 Scout Tower
03:11 Scout Tower
03:14 Scout Tower
03:17 Scout Tower
03:18 Scout Tower
03:19 Scout Tower
03:21 Scout Tower
03:24 Scout Tower
03:25 Scout Tower
03:29 Scout Tower
03:31 Scout Tower
03:33 Scout Tower
03:41 Guard Tower
04:03 Guard Tower
04:07 Guard Tower
04:30 Guard Tower
04:40 Scout Tower
04:58 Guard Tower
05:02 Guard Tower
05:10 Guard Tower
05:18 Arcane Vault
05:54 Scout Tower
05:57 Scout Tower
05:59 Scout Tower
06:02 Scout Tower
06:03 Scout Tower
06:05 Scout Tower
06:09 Scout Tower
06:15 Keep
06:37 Scout Tower
06:38 Scout Tower
06:40 Scout Tower
06:43 Guard Tower
07:00 Scout Tower
07:01 Scout Tower
07:03 Scout Tower
07:04 Scout Tower
07:09 Scout Tower
07:11 Scout Tower
07:13 Scout Tower
07:14 Scout Tower
07:17 Scout Tower
07:18 Scout Tower
07:21 Guard Tower
08:08 Guard Tower
08:18 Guard Tower
08:26 Guard Tower
08:38 Scout Tower
08:40 Scout Tower
08:45 Scout Tower
08:47 Scout Tower
08:48 Scout Tower
08:49 Scout Tower
08:50 Scout Tower
08:53 Scout Tower
09:27 Guard Tower
09:48 Guard Tower
10:13 Lumber Mill
10:21 Guard Tower
10:24 Scout Tower
10:24 Scout Tower
10:26 Scout Tower
10:28 Scout Tower
10:28 Scout Tower
10:30 Scout Tower
10:30 Scout Tower
10:32 Scout Tower
11:01 Guard Tower
11:11 Guard Tower
11:30 Guard Tower
11:41 Scout Tower
11:41 Scout Tower
11:42 Scout Tower
11:43 Scout Tower
11:43 Scout Tower
11:44 Scout Tower
11:45 Scout Tower
11:47 Scout Tower
12:08 Arcane Sanctum
12:20 Guard Tower
12:34 Guard Tower
12:36 Guard Tower
12:53 Guard Tower
12:57 Guard Tower
13:04 Guard Tower
13:19 Guard Tower
13:21 Guard Tower
13:50 Scout Tower
13:50 Scout Tower
13:51 Scout Tower
13:52 Scout Tower
13:52 Scout Tower
13:55 Scout Tower
13:57 Scout Tower
14:03 Scout Tower
14:54 Guard Tower
15:09 Scout Tower
15:09 Scout Tower
15:10 Scout Tower
15:11 Scout Tower
15:12 Scout Tower
15:12 Scout Tower
15:14 Scout Tower
15:42 Guard Tower
15:47 Guard Tower
15:52 Scout Tower
15:54 Scout Tower
16:22 Guard Tower
16:29 Guard Tower
16:52 Scout Tower
16:53 Scout Tower
16:55 Scout Tower
16:56 Scout Tower
16:57 Scout Tower
16:58 Scout Tower
16:58 Scout Tower
16:59 Scout Tower
17:00 Scout Tower
17:02 Scout Tower
17:03 Scout Tower
17:30 Blacksmith
17:48 Altar of Kings
18:42 Workshop
18:51 Scout Tower
18:51 Scout Tower
18:56 Scout Tower
18:57 Scout Tower
18:57 Scout Tower
18:58 Scout Tower
19:00 Scout Tower
19:00 Scout Tower
19:09 Scout Tower
19:10 Scout Tower
19:33 Guard Tower
19:36 Guard Tower
19:40 Arcane Tower
19:53 Guard Tower
19:59 Cannon Tower
20:42 Cannon Tower
20:47 Cannon Tower

»
Matusale (
teal | 35 APM | 1112 actions | 32:05)
6 Blademaster
1 Wind Walk
1 Critical Strike
3 Mirror Image
1 Bladestorm
3 Tauren Chieftain
2 Endurance Aura
1 War Stomp
2 Shadow Hunter
1 Healing Wave
1 Serpent Ward
» actions
| Build / train | 61 | |
| Enter build submenu | 16 | |
| Enter hero's abilities submenu | 11 | |
| Give item / drop item | 14 | |
| Remove unit from queue | 4 | |
| Right click | 586 | |
| Select / deselect | 299 | |
| Use ability | 121 | |
1112 total
» units
| Peon | 10 | |
| Spirit Walker | 5 | |
| Tauren | 4 | |
19 total
» upgrades
| Spirit Walker Training | 2 | |
| Pulverize | 1 | |
| Armor | 2 | |
| Melee Weapons | 2 | |
| Spiked Barricades | 1 | |
| Shaman Training | 0 | |
| Reinforced Defenses | 1 | |
9 total
» buildings
| Altar of Storms | 1 | |
| Orc Burrow | 11 | |
| Stronghold | 1 | |
| Voodoo Lounge | 1 | |
| War Mill | 1 | |
| Spirit Lodge | 1 | |
| Fortress | 3 | |
| Tauren Totem | 2 | |
21 total
» build order
00:08 Altar of Storms
00:14 Orc Burrow
02:31 Stronghold
02:36 Voodoo Lounge
03:58 Orc Burrow
04:15 Orc Burrow
04:16 Orc Burrow
04:17 Orc Burrow
04:19 Orc Burrow
04:20 Orc Burrow
04:47 War Mill
05:16 Spirit Lodge
05:18 Fortress
05:18 Fortress
05:19 Fortress
08:37 Tauren Totem
08:40 Tauren Totem
09:07 Orc Burrow
09:11 Orc Burrow
12:10 Orc Burrow
15:36 Orc Burrow
» items
| Periapt of Vitality | 1 | |
| Circlet of Nobility | 1 | |
| Boots of Speed | 1 | |
| Staff of Teleportation | 1 | |
| Healing Salve | 1 | |
| Orb of Lightning | 2 | |
| Potion of Healing | 1 | |
| Orb of Corruption | 1 | |
9 total
4rthas (
green | 17 APM | 556 actions | 32:23)
5 Far Seer
3 Feral Spirit
2 Chain Lighting
» actions
| Basic commands | 23 | |
| Build / train | 67 | |
| ESC pressed | 2 | |
| Enter build submenu | 26 | |
| Enter hero's abilities submenu | 5 | |
| Right click | 142 | |
| Select / deselect | 242 | |
| Use ability | 49 | |
556 total
» units
| Peon | 15 | |
| Grunt | 6 | |
| Wind Rider | 12 | |
| Shaman | 15 | |
48 total
» upgrades
| Shaman Training | 2 | |
| Ranged Weapons | 3 | |
| Spiked Barricades | 2 | |
| Envenomed Spears | 1 | |
| Reinforced Defenses | 1 | |
| Armor | 2 | |
11 total
» buildings
| Orc Burrow | 8 | |
| Altar of Storms | 1 | |
| Barracks | 1 | |
| War Mill | 1 | |
| Stronghold | 1 | |
| Beastiary | 2 | |
| Spirit Lodge | 1 | |
| Fortress | 1 | |
| Great Hall | 1 | |
| Watch Tower | 7 | |
24 total
» build order
00:12 Orc Burrow
00:17 Altar of Storms
01:15 Barracks
01:36 Orc Burrow
02:16 War Mill
02:43 Orc Burrow
03:37 Stronghold
06:00 Orc Burrow
06:56 Beastiary
07:02 Spirit Lodge
07:09 Beastiary
07:12 Fortress
08:26 Orc Burrow
09:09 Orc Burrow
10:27 Great Hall
10:32 Watch Tower
10:46 Orc Burrow
12:09 Orc Burrow
12:18 Watch Tower
13:48 Watch Tower
14:56 Watch Tower
16:07 Watch Tower
17:16 Watch Tower
20:10 Watch Tower
team 2 (loser)

»
FukStats (
orange | 59 APM | 2340 actions | 39:57)
7 Blademaster
3 Wind Walk
3 Critical Strike
1 Bladestorm
» actions
| Assign group hotkey | 40 | |
| Basic commands | 26 | |
| Build / train | 108 | |
| Enter build submenu | 40 | |
| Enter hero's abilities submenu | 7 | |
| Give item / drop item | 8 | |
| Remove unit from queue | 6 | |
| Right click | 718 | |
| Select / deselect | 453 | |
| Select group hotkey | 745 | |
| Use ability | 189 | |
2340 total
» units
| Peon | 23 | |
| Grunt | 5 | |
| Shaman | 2 | |
| Troll Witch Doctor | 2 | |
| Troll Batrider | 26 | |
| Demolisher | 5 | |
63 total
» upgrades
| Melee Weapons | 2 | |
| Ranged Weapons | 3 | |
| Armor | 3 | |
| Pillage | 1 | |
| Shaman Training | 2 | |
| Witch Doctor Training | 2 | |
| Liquid Fire | 1 | |
| Reinforced Defenses | 1 | |
| Berserker Strength | 1 | |
| Spiked Barricades | 3 | |
| Burning Oil | 1 | |
20 total
» buildings
| Altar of Storms | 1 | |
| Orc Burrow | 8 | |
| Voodoo Lounge | 1 | |
| Barracks | 4 | |
| Stronghold | 1 | |
| War Mill | 3 | |
| Great Hall | 6 | |
| Fortress | 1 | |
| Watch Tower | 18 | |
| Spirit Lodge | 2 | |
| Beastiary | 3 | |
48 total
» build order
00:19 Altar of Storms
00:26 Orc Burrow
00:52 Voodoo Lounge
01:29 Barracks
01:55 Orc Burrow
02:14 Orc Burrow
03:18 Stronghold
05:11 War Mill
05:54 Great Hall
06:00 Fortress
06:18 Great Hall
06:33 Watch Tower
06:34 Watch Tower
06:35 Watch Tower
06:37 Watch Tower
07:51 Spirit Lodge
07:53 Spirit Lodge
08:32 Beastiary
09:35 Beastiary
10:46 Beastiary
11:39 Orc Burrow
11:39 Orc Burrow
11:40 Orc Burrow
15:05 Orc Burrow
15:46 Great Hall
16:08 Orc Burrow
18:46 War Mill
18:53 War Mill
21:56 Great Hall
22:14 Watch Tower
22:22 Watch Tower
28:06 Watch Tower
28:09 Watch Tower
28:12 Watch Tower
28:33 Watch Tower
29:23 Great Hall
29:38 Watch Tower
29:40 Watch Tower
30:04 Watch Tower
30:04 Watch Tower
32:55 Watch Tower
32:55 Watch Tower
32:55 Watch Tower
35:26 Great Hall
35:29 Watch Tower
35:33 Barracks
36:46 Barracks
36:54 Barracks
» items
| Healing Salve | 2 | |
| Periapt of Vitality | 2 | |
| Scroll of Healing | 2 | |
| Boots of Speed | 1 | |
| Orb of Lightning | 1 | |
| Staff of Teleportation | 1 | |
9 total

»
zafaro (
red | 42 APM | 1677 actions | 39:58)
4 Mountain King
2 Storm Bolt
2 Bash
5 Paladin
1 Holy Light
1 Devotion Aura
3 Divine Shield
» actions
| Assign group hotkey | 46 | |
| Basic commands | 1 | |
| Build / train | 103 | |
| Enter build submenu | 26 | |
| Enter hero's abilities submenu | 9 | |
| Remove unit from queue | 5 | |
| Right click | 672 | |
| Select / deselect | 432 | |
| Select group hotkey | 342 | |
| Use ability | 41 | |
1677 total
» units
| Peasant | 11 | |
| Footman | 6 | |
| Priest | 7 | |
| Mortar Team | 11 | |
| Knight | 6 | |
| Siege Engine | 12 | |
| Gryphon Rider | 6 | |
59 total
» upgrades
| Lumber Harvesting | 1 | |
| Animal War Training | 1 | |
| Priest Training | 2 | |
| Fragmentation Shards | 1 | |
| Flare | 1 | |
| Plating | 3 | |
| Defend | 1 | |
| Barrage | 1 | |
| Storm Hammers | 1 | |
| Gunpowder | 3 | |
15 total
» buildings
| Altar of Kings | 1 | |
| Farm | 13 | |
| Barracks | 1 | |
| Keep | 1 | |
| Arcane Vault | 2 | |
| Blacksmith | 1 | |
| Lumber Mill | 1 | |
| Town Hall | 1 | |
| Arcane Sanctum | 1 | |
| Castle | 1 | |
| Workshop | 2 | |
| Gryphon Aviary | 1 | |
26 total
» build order
00:06 Altar of Kings
00:18 Farm
00:31 Barracks
01:04 Farm
02:00 Farm
02:53 Farm
03:28 Farm
03:39 Keep
04:52 Arcane Vault
04:57 Blacksmith
05:01 Lumber Mill
07:21 Town Hall
07:48 Farm
08:26 Arcane Sanctum
09:12 Castle
09:30 Workshop
11:09 Farm
11:11 Farm
12:28 Farm
12:30 Farm
13:13 Arcane Vault
13:16 Farm
14:05 Farm
14:08 Farm
20:15 Gryphon Aviary
24:57 Workshop
» items
| Scroll of Regeneration | 2 | |
| Orb of Fire | 2 | |
| Potion of Healing | 4 | |
8 total
orlando_gdl26 (
yellow | 26 APM | 1056 actions | 39:57)
5 Firelord
2 Soul Burn
2 Incinerate
1 Summon Lava Spawn
6 Crypt Lord
2 Spiked Carapace
3 Carrion Beetles
1 Locust Swarm
» actions
| Basic commands | 2 | |
| Build / train | 76 | |
| Enter build submenu | 29 | |
| Enter hero's abilities submenu | 11 | |
| Give item / drop item | 1 | |
| Right click | 476 | |
| Select / deselect | 390 | |
| Use ability | 71 | |
1056 total
» units
| Acolyte | 10 | |
| Ghoul | 10 | |
| Gargoyle | 10 | |
| Frost Revenant | 1 | |
| Obsidian Statue | 7 | |
| Frost Wyrm | 4 | |
| Meatwagon | 3 | |
45 total
» upgrades
| Creature Attack | 3 | |
| Creature Carapace | 3 | |
| Stone Form | 1 | |
| Ghoul Frenzy | 1 | |
| Destroyer Form | 1 | |
| Freezing Breath | 1 | |
| Unholy Strength | 2 | |
12 total
» buildings
| Ziggurat | 13 | |
| Altar of Darkness | 1 | |
| Crypt | 2 | |
| Graveyard | 1 | |
| Halls of the Dead | 1 | |
| Black Citadel | 1 | |
| Tomb of Relics | 1 | |
| Slaughterhouse | 3 | |
| Sacrificial Pit | 1 | |
| Boneyard | 3 | |
| Nerubian Tower | 1 | |
28 total
» build order
00:13 Ziggurat
00:16 Altar of Darkness
00:46 Crypt
01:01 Ziggurat
01:25 Graveyard
03:13 Halls of the Dead
04:16 Ziggurat
04:41 Ziggurat
04:45 Ziggurat
05:17 Crypt
10:19 Ziggurat
10:26 Ziggurat
11:52 Ziggurat
11:54 Ziggurat
11:57 Ziggurat
14:30 Black Citadel
15:09 Tomb of Relics
16:33 Slaughterhouse
16:44 Sacrificial Pit
18:35 Boneyard
18:45 Boneyard
19:06 Boneyard
19:59 Nerubian Tower
20:12 Slaughterhouse
20:27 Slaughterhouse
29:16 Ziggurat
29:25 Ziggurat
29:27 Ziggurat
» items
| Healing Salve | 1 | |
| Scroll of Protection | 1 | |
| Scroll of Healing | 1 | |
3 total

»
Black[Metal] (
blue | 41 APM | 1644 actions | 39:58)
6 Mountain King
3 Storm Bolt
2 Thunder Clap
1 Avatar
6 Paladin
3 Holy Light
2 Devotion Aura
1 Resurrection
6 Blood Mage
3 Flame Strike
2 Siphon Mana
1 Summon Phoenix
» actions
| Assign group hotkey | 45 | |
| Basic commands | 54 | |
| Build / train | 83 | |
| Enter build submenu | 35 | |
| Enter hero's abilities submenu | 18 | |
| Remove unit from queue | 3 | |
| Right click | 879 | |
| Select / deselect | 277 | |
| Select group hotkey | 137 | |
| Use ability | 113 | |
1644 total
» units
| Peasant | 16 | |
| Gryphon Rider | 8 | |
| Mortar Team | 8 | |
32 total
» upgrades
| Lumber Harvesting | 2 | |
| Swords | 3 | |
| Armor | 3 | |
| Storm Hammers | 1 | |
| Masonry | 2 | |
| Gunpowder | 3 | |
| Plating | 3 | |
| Flak Cannons | 1 | |
| Flying Machine Bombs | 1 | |
| Fragmentation Shards | 1 | |
| Flare | 1 | |
| Barrage | 1 | |
22 total
» buildings
| Altar of Kings | 1 | |
| Farm | 14 | |
| Lumber Mill | 1 | |
| Scout Tower | 3 | |
| Arcane Vault | 1 | |
| Keep | 1 | |
| Arcane Tower | 1 | |
| Blacksmith | 1 | |
| Gryphon Aviary | 3 | |
| Castle | 1 | |
| Town Hall | 6 | |
| Guard Tower | 1 | |
| Workshop | 3 | |
37 total
» build order
00:06 Altar of Kings
00:13 Farm
00:30 Lumber Mill
00:37 Farm
00:48 Farm
01:06 Farm
01:35 Scout Tower
02:17 Arcane Vault
02:36 Keep
02:49 Arcane Tower
03:37 Blacksmith
03:59 Farm
04:02 Scout Tower
04:07 Farm
05:05 Gryphon Aviary
05:07 Castle
05:23 Farm
05:26 Farm
06:36 Gryphon Aviary
06:58 Farm
07:50 Scout Tower
08:02 Gryphon Aviary
12:46 Town Hall
12:50 Town Hall
15:34 Farm
15:36 Farm
15:38 Farm
15:46 Farm
18:20 Farm
18:24 Guard Tower
19:07 Workshop
20:23 Workshop
20:42 Town Hall
21:39 Workshop
22:14 Town Hall
22:18 Town Hall
26:10 Town Hall
» items
Chat log
(00:23 / Allies) 4rthas: wyves, shams
(00:27 / Allies) Matusale: k
(00:34 / Allies) Matusale: tauren maybe>?
(00:40 / Allies) Matusale: yeah
(00:42 / Allies) OWNAGE.D: im going to mass towers at our side of the map and build a wall of towers so they cant get through, getting no units
(00:45 / Allies) Matusale: I go tauren
(00:52 / Allies) Matusale: wow
(00:57 / Allies) Matusale: already
(01:07 / Allies) 4rthas: get units, dont' just tower
(01:22 / Allies) OWNAGE.D: this is 4v4rt you clowns, you should appreciate me doing something other than nothing
(01:26 / Allies) Maseratu: we should make alot of tower in the middle
(01:51 / Allies) Maseratu: block their gold mine an rape their women !
(02:01 / Allies) 4rthas: well shit pink, you better go quick then before they mass an army
(03:23 / Allies) Maseratu: fuck my pussy is itchy again, dunno why it always happen at night !
(03:37 / Allies) OWNAGE.D: lawl shut up you european
(03:56 / Allies) Maseratu: im a hoe also :(
(03:58 / Allies) OWNAGE.D: wood please
(04:26 / Allies) OWNAGE.D: if you want through better hurry up, tower enclosing us
(04:41 / Allies) 4rthas: pink you asshole don't completely close us off
(04:46 / Allies) OWNAGE.D: haha
(04:47 / Allies) Maseratu: you should tower along gold mine in the middle you noob
(04:49 / Allies) 4rthas: how are we supposed to expand
(04:52 / Allies) 4rthas: fucking pink
(05:08 / Allies) OWNAGE.D: happy
(05:31 / Allies) OWNAGE.D: 200 wold plz
(05:33 / Allies) 4rthas: alot of good that wall's gonna do when they come with seige and air
(07:13 / Allies) Maseratu: pink is pretty good !
(08:12 / Allies) OWNAGE.D: wood
(08:26 / Allies) Maseratu: we are fucked !
(09:13 / Allies) Maseratu: i think we should just leave..
(09:18 / Allies) OWNAGE.D: no
(09:29 / Allies) 4rthas: pink you realize this fucking wall will do us no good
(09:44 / Allies) OWNAGE.D: its a fortress you clown, we are protected
(09:52 / Allies) 4rthas: BUT WE CAN'T ATTACK
(09:59 / Allies) 4rthas: you should've made units
(10:00 / Allies) Maseratu: it does look like a VIRGIN PUSSY HYMEN !
(10:02 / Allies) 4rthas: noob
(10:13 / Allies) Maseratu: they can break the wall with an erected penis!
(10:44 / All) OWNAGE.D: this is sparta noobs
(11:24 / Allies) Maseratu: we can attack from there..
(11:31 / Allies) Maseratu: when my ghoul dig a nice hole
(11:52 / Allies) 4rthas: pink fucking upgrade your buildings
(11:56 / Allies) 4rthas: goddam noobs
(11:57 / Allies) OWNAGE.D: make sure your ghouls dont knock down the trees purple
(12:16 / Allies) OWNAGE.D: gold plz
(12:40 / Allies) OWNAGE.D: dont atack them morons
(12:43 / Allies) OWNAGE.D: let them attack us
(12:47 / Allies) Maseratu: so only i have expo...
(12:50 / Allies) OWNAGE.D: they need to asssault and siege us
(13:02 / Allies) 4rthas: we need to XP
(13:03 / Allies) Maseratu: still its 3v4 fight.. you have shit but towers..
(13:07 / Allies) 4rthas: you fucking noob
(13:13 / Allies) OWNAGE.D: im a pro dude, what ar eyou talking about
(13:22 / Allies) 4rthas: pink you suck dick
(13:31 / Allies) 4rthas: you haven't even upgraded your buildings
(13:41 / Allies) OWNAGE.D: yes i have, 2/2 armor you clown
(14:09 / Allies) 4rthas: you know that upgrade in your
(14:12 / Allies) 4rthas: LM
(14:18 / Allies) 4rthas: it strenghtens your buildings
(14:27 / Allies) 4rthas: you can't get it because you haven't upgraded your TH
(14:30 / Allies) 4rthas: you noob
(15:54 / Allies) 4rthas: pink....for fuck's sake upgrade your masonry
(16:06 / Allies) OWNAGE.D: I HAVE 2/2 you noob
(16:09 / All) Matusale: gg we loose
(16:11 / Allies) OWNAGE.D: 3/3 wont make difference
(16:13 / All) FukStats: yup...
(16:16 / All) FukStats: mass towers = fail
(16:16 / Allies) OWNAGE.D: dont leave teal
(16:17 / Allies) OWNAGE.D: stay
(16:25 / All) OWNAGE.D: how you know we have towers
(16:31 / All) FukStats: cuz we saw them...
(16:32 / All) FukStats: wow
(16:34 / All) Matusale: he has bm,
(17:59 / Allies) Maseratu: teal wait i open a hople for you lol
(18:31 / Allies) OWNAGE.D: purple you idiot
(18:49 / Allies) Maseratu: nah im building zigg
(19:23 / Allies) OWNAGE.D: gold quick
(20:47 / Allies) Maseratu: do we have to spend like 10 hrs on this game...
(21:03 / Allies) 4rthas: appartenlty
(21:27 / Allies) 4rthas: let's just hit
(21:38 / Allies) OWNAGE.D: no the plan is to defend our home
(21:48 / Allies) 4rthas: pink suck the fuck up
(21:52 / Allies) 4rthas: you fucked us from the beginning
(22:21 / All) OWNAGE.D: these towers own you noobs
(22:26 / All) FukStats: k
(23:21 / All) Black[Metal]: lol
(23:25 / Allies) 4rthas: see pink?
(23:28 / Allies) 4rthas: you fukcing suck
(23:30 / Allies) Matusale: haha
(24:46 / Allies) 4rthas: your towers are worthless piles of shit
(25:28 / Allies) Maseratu: i cant go out lol
(26:55 / All) OWNAGE.D: kodos_forsaken is #1
(27:22 / Allies) Maseratu: so teals hero is stuck lol
(27:57 / All) Matusale: haha
(28:06 / All) Matusale: how hard is that?
(28:11 / All) Matusale: suck ass to be us
(28:18 / All) FukStats: starve the fuckers
(28:20 / All) Matusale: noob ass pink likes dick
(28:21 / All) Black[Metal]: it isnt
(28:25 / All) Matusale: what a faggot
(28:41 / All) FukStats: mass towers = worst fucking idea ever
(28:43 / All) 4rthas: that's what we get for having a fucking tower bitch on our team
(28:47 / All) Matusale: yes
(29:12 / All) FukStats: mass air = 2nd worst idea ever
(29:57 / All) OWNAGE.D: purple is the reason this fortress will be breached, i specifically said watch your ghouls knocking down trees
(30:08 / All) FukStats: you suck
(32:00 / All) OWNAGE.D: you guys are noob, avoiding my towers
(32:16 / All) OWNAGE.D: purple screwed us over, his ghouls knocked down the trees
(32:19 / Allies) OWNAGE.D: breeched the castle
(32:21 / All) 4rthas: pink, go walk into oncoming traffic
(32:25 / All) FukStats: lmfao
(32:39 / All) FukStats: pink = reason they lost
(32:41 / All) FukStats: hands down
(32:46 / All) zafaro: mass cars ftw!
(34:51 / All) zafaro: fuck now im out of gold
(35:58 / All) OWNAGE.D: did you really just get bats against 5 rows of towers, sara paladin, governor of alaska, has more sense than you, boy
(36:35 / Allies) OWNAGE.D: kill the mortals
(37:01 / All) FukStats: lmao
(37:34 / All) OWNAGE.D: i will never leave, i will abide by the codes of conduct- never surrender
(39:00 / All) zafaro: has mass towers ever worked in the history of wc3?
(39:09 / All) OWNAGE.D: this is a lesson for you guys- how about scout you noobs
(39:24 / All) OWNAGE.D: a 10 min game turned into an hour game because you're ignorant
(39:34 / All) FukStats: we care
(39:36 / All) FukStats: really
(39:40 / All) OWNAGE.D: yes you do care
(39:43 / All) FukStats: clearly
(39:47 / All) zafaro: you cock your the one who lost
(39:49 / All) OWNAGE.D: i stole 50 minutes from you
(39:50 / All) OWNAGE.D: i win
(39:56 / All) FukStats: suck it bitch